 Dungeon Sprint DCSS version 0.30-a0-137-gd8773701ce (webtiles) character file.

Game seed: 14149064927256027451

3400000 Pilot the Intangible (level 18, -12/236 HPs)
             Began as a Troll Gladiator on Sept 22, 2022.
             Killed by an exploding large bag of meat (37 damage)
             ... ignited by their inner flame
             ... in the Dungeon (Sprint VIII: "Arena of Blood").
             The game lasted 00:05:38 (34 turns).

Pilot the Intangible (Troll Gladiator)                Turns: 34, Time: 00:05:38

Health: -12/236    AC:  4    Str: 27    XL:     18   Next: 21%
Magic:  17/17      EV: 26    Int:  4    God:
Gold:   0          SH:  0    Dex: 17    Spells: 17/17 levels left

rFire   . . .      SeeInvis .    k - +∞ Axe of Woe
rCold   . . .      Faith    .    (shield currently unavailable)
rNeg    . . .      Spirit   .    a - +0 robe
rPois   .          Reflect  .    b - +0 hat
rElec   .          Harm     .    (no cloak)
rCorr   .          Rampage  .    (gloves unavailable)
Will    +....      NoTele   +    (boots unavailable)
Stlth   ++........               (no amulet)
HPRegen 1.29/turn                l - +30 ring of slaying
MPRegen 0.15/turn                n - +30 ring of slaying

@: no status effects
A: large, unfitting armour, claws 3, regeneration 1, shaggy fur 1, tough skin 1
a: no special abilities


You were in the Dungeon.
You visited 1 branch

Inventory:

Hand Weapons
 k - the +∞ Axe of Woe (weapon)
   (You found it in the Dungeon)
 m - a +9 battleaxe
Missiles
 c - 3 throwing nets (quivered)
 d - a large rock
Armour
 a - a +0 robe (worn)
 b - a +0 hat (worn)
Jewellery
 l - a +30 ring of slaying (left claw)
 n - a +30 ring of slaying (right claw)
Scrolls
 j - a scroll of blinking
Potions
 e - a potion of curing
 f - a potion of heal wounds
 g - a potion of haste
 h - 2 potions of magic
 i - a potion of berserk rage


   Skills:
 O Level 27 Fighting
 O Level 27 Axes
 + Level 16.2 Throwing
 O Level 27 Dodging
 - Level 18.8 Unarmed Combat


You had 17 spell levels left.
You didn't know any spells.
Your spell library was empty.

Dungeon Overview and Level Annotations

Branches:
Dungeon (1/1)

Altars:
Makhleb


Innate Abilities, Weirdness & Mutations

You are too large for most types of armour.
You have claws for hands.
Your natural rate of healing is unusually fast.
You are covered in fur. (AC +1)
You have tough skin. (AC +1)


Message History

You hear a shout!
A bag of meat comes into view. It is wielding a +9 war axe.
You hear a shout! x2
A large bag of meat comes into view. It is wielding a +9 giant spiked club.
A bag of meat comes into view. It is wielding a +9 war axe.
You hear a shout! x4; The bag of meat shouts!
You hear a shout!
The meat berserker attacks as you move away!
The meat berserker misses you. 3 meat berserkers and 3 bags of meat come into view.
The bag of meat shouts! x3; You hear a shout! x3
The meat berserker rages.
You hear a shout! x4
The destroyer points at you and mumbles some strange words.
The destroyer blinks!
You hear a shout! x3
The destroyer points at you and mumbles some strange words.
The destroyer blinks!
A bag of meat comes into view. It is wielding a +9 war axe.
You hear a shout!
A destroyer comes into view. It is wielding a +9 vorpal great sword.
The meat berserker moves out of view.
The bag of meat shouts!
You slice the destroyer!!
You cleave the destroyer in twain.
You destroy the destroyer!
You slice the meat berserker!!
You hew the meat berserker savagely.
You kill the meat berserker!
You hear a shout! x2
A meat berserker comes into view. It is wielding a +9 battleaxe.
You hear a shout!
A bag of meat comes into view. It is wielding a +9 war axe.
You hear two shouts!
The bag of meat shouts!
You hear two shouts!
You have mastered Fighting!
You have mastered Axes!
You have reached level 18!
You feel stronger.
You slice the large bag of meat!!
Flame seeps out of the large bag of meat.
You chop the large bag of meat into pieces.
The large bag of meat explodes!
The fiery explosion engulfs you!!!
You die... ......... .....o§.... .o. ....Oo... .o. #......o# oOo.

. #.O.O...# .O..V
..###..
....###.o...
......###.§§.......
......)§)§○§.......
.#§§†))#@)V....#
#_)§._#........
#§§o).#......#.
......._...O.......
......###.........#
..###.. ..o###O...O
. #.. ...# .....
#.. ...# ..... ...
...


You could see 2 destroyers, 2 large bags of meat, 5 meat berserkers and 9 bags
of meat.

Vanquished Creatures
  A vampire knight (D)
  9 ogres (D)
  2 two-headed ogres (D)
  9 orcs (D)
21 creatures vanquished.

Notes
Turn   | Place    | Note
-------+----------+-------------------------------------------
     0 | D        | Found the +∞ Axe of Woe
     0 | D        | Pilot the Troll Gladiator began the quest for the Orb.
     0 | D        | Reached XP level 1. HP: 19/19 MP: 0/0
     0 | D        | Noticed a meat berserker
     1 | D        | Noticed a bag of meat
     2 | D        | Noticed a bag of meat
     4 | D        | Killed a meat berserker
     4 | D        | Noticed a bag of meat
     4 | D        | Noticed a bag of meat
     5 | D        | Reached XP level 2. HP: 42/42 MP: 1/1
     5 | D        | Reached XP level 3. HP: 49/49 MP: 2/2
     5 | D        | Reached XP level 4. HP: 58/58 MP: 3/3
     5 | D        | Reached XP level 5. HP: 66/66 MP: 4/4
     5 | D        | Reached XP level 6. HP: 74/74 MP: 5/5
     5 | D        | Reached XP level 7. HP: 81/81 MP: 6/6
     5 | D        | Reached XP level 8. HP: 91/91 MP: 7/7
     5 | D        | Reached XP level 9. HP: 97/97 MP: 8/8
     5 | D        | Reached XP level 10. HP: 106/106 MP: 9/9
     5 | D        | Reached XP level 11. HP: 113/113 MP: 10/10
     5 | D        | Noticed a bag of meat
     8 | D        | Killed a bag of meat
     8 | D        | Noticed a bag of meat
     9 | D        | Reached skill level 10 in Throwing
     9 | D        | Reached XP level 12. HP: 109/126 MP: 11/11
     9 | D        | Noticed a meat berserker
     9 | D        | Killed a bag of meat
     9 | D        | Killed a bag of meat
     9 | D        | Noticed a meat berserker
     9 | D        | Noticed a bag of meat
    10 | D        | Reached skill level 10 in Axes
    10 | D        | Reached XP level 13. HP: 121/137 MP: 12/12
    10 | D        | Noticed a bag of meat
    12 | D        | Killed a bag of meat
    13 | D        | Killed a meat berserker
    14 | D        | Reached XP level 14. HP: 101/153 MP: 13/13
    14 | D        | Killed a meat berserker
    16 | D        | Killed a bag of meat
    16 | D        | Noticed a bag of meat
    17 | D        | Reached skill level 15 in Fighting
    17 | D        | Reached skill level 15 in Throwing
    17 | D        | Reached XP level 15. HP: 115/167 MP: 14/14
    19 | D        | Noticed a meat berserker
    19 | D        | Noticed a large bag of meat
    20 | D        | Noticed a meat berserker
    21 | D        | Reached skill level 15 in Axes
    21 | D        | Noticed a meat berserker
    22 | D        | Noticed a meat berserker
    23 | D        | Killed a meat berserker
    23 | D        | Noticed a meat berserker
    23 | D        | Noticed a large bag of meat
    24 | D        | Reached XP level 16. HP: 101/188 MP: 15/15
    24 | D        | Killed a meat berserker
    25 | D        | Reached skill level 27 in Dodging
    26 | D        | Noticed a meat berserker
    26 | D        | Noticed a large bag of meat
    26 | D        | Killed a meat berserker
    26 | D        | Noticed a destroyer
    27 | D        | Killed a meat berserker
    28 | D        | Killed a meat berserker
    28 | D        | Killed a large bag of meat
    29 | D        | Reached XP level 17. HP: 18/224 MP: 16/16
    31 | D        | Noticed a meat berserker
    31 | D        | Noticed a destroyer
    31 | D        | Noticed a large bag of meat
    31 | D        | Noticed a large bag of meat
    32 | D        | Noticed a meat berserker
    32 | D        | Noticed a meat berserker
    32 | D        | Noticed a meat berserker
    32 | D        | Noticed a destroyer
    33 | D        | Killed a destroyer
    33 | D        | Killed a meat berserker
    33 | D        | Noticed a meat berserker
    34 | D        | Reached skill level 27 in Fighting
    34 | D        | Reached skill level 27 in Axes
    34 | D        | Reached XP level 18. HP: 25/236 MP: 17/17
    34 | D        | Killed a large bag of meat
    34 | D        | Killed by an exploding large bag of meat... ignited by
                  | their inner flame

Illustrated notes

Levels and vault maps discovered:
D:        meatsprint

Skill      XL: |  1  2  3  4  5  6  7  8  9 10 11 12 13 14 15 16 17 |
---------------+----------------------------------------------------+-----
Fighting       | 8 9 11 13 15 18 26 27 | 27.0
Throwing       | 9 10 12 13 15 16 | 16.2
Dodging        | 16 17 19 22 24 26 27 | 27.0
Unarmed Combat | 18 | 18.8
Axes           | 6 10 12 14 17 24 27 | 27.0

Action                   |  1- 3 |  4- 6 |  7- 9 | 10-12 | 13-15 | 16-18 || total
-------------------------+-------+-------+-------+-------+-------+-------++-------
Melee: Executioner's axe |     1 |       |       |     2 |     8 |     6 ||    17
Dodge: Dodged            |       |       |       |       |       |     1 ||     1

Table legend: (Time is in decaauts)
 A = Elapsed time spent in this place.
 B = Non-inter-level travel time spent in this place.
 C = Inter-level travel time spent in this place.
 D = Time resting spent in this place.
 E = Time spent auto-exploring this place.
 F = Levels seen in this place.
 G = Mean time per level.
                   A        B        C        D        E       F      G
               +--------+--------+--------+--------+--------+-----+--------+
         Total |     36 |     36 |      0 |      0 |      0 |   1 |   36.0 |
       Dungeon |     36 |     36 |      0 |      0 |      0 |   1 |   36.0 |
               +--------+--------+--------+--------+--------+-----+--------+

Top non-repeatable levels by time:
       D: 36 daAuts
